Map: Dusk Towers

Players

lesha - Winner!

  • Race: Terran Terran
  • League: Silver

StranaOz

  • Race: Zerg Zerg
  • League: Gold

VOD

Have the link to the VOD?

Description

Time

  • Played on: Dec. 25, 2015, 5:10 a.m.
  • Length: 11:47
Show
View Real Time Build Order
Export as new Build Order

lesha Terran - Winner!

Build Orders: Liberator Opening, Reaper Expand, MMM Bio 

Get SALT Encoding   

  12  0:02  SCV  
  13  0:14  SCV  
  13  0:20  Supply Depot  
  14  0:26  SCV  
  15  0:41  SCV  
  16  0:43  Barracks  
  16  0:47  Refinery  
  16  0:53  SCV  
  17  1:06  SCV  
  18  1:18  SCV  
  19  1:33  Reaper  
  19  1:35  Orbital Command  
  20  1:42  Command Center  
  20  1:51  Refinery  
  20  1:56  Supply Depot  
  20  2:02  SCV  
  20  2:07  Marine  
  22  2:14  SCV  
  23  2:21  Factory  
  23  2:29  Barracks  
  23  2:31  SCV  
  24  2:51  SCV  
  24  3:00  Orbital Command  
  24  3:02  Barracks Reactor  
  24  3:03  SCV  
  25  3:10  Hellion  
  27  3:15  SCV  
  27  3:16  Starport  
  28  3:27  Supply Depot, SCV  
  28  3:31  Barracks Tech Lab  
  28  3:32  Factory Tech Lab  
  29  3:39  SCV  
  30  3:42  SCV  
  30  3:44  Liberator  
  30  3:46  Marine x2  
  33  3:52  SCV  
  33  3:54  SCV  
  35  3:56  Stimpack  
  35  4:01  Barracks  
  38  4:07  SCV  
  38  4:08  SCV  
  40  4:12  Marine x2  
  44  4:17  Marauder  
  44  4:20  SCV x2  
  46  4:26  Supply Depot  
  46  4:34  Marine x2  
  48  4:38  Barracks  
  48  4:39  Siege Tank  
  48  4:43  Marauder  
  53  4:51  Starport Reactor  
  53  4:53  Barracks Reactor  
  53  4:54  Marine x2  
  53  4:56  SCV x2  
  57  5:00  Refinery  
  57  5:03  Refinery  
  57  5:08  SCV x2, Marauder  
  57  5:11  Marine  
  62  5:20  Marine  
  63  5:28  SCV x2  
  65  5:40  SCV x2  
  65  5:42  Marine x3  
  68  5:43  Barracks Reactor, Marine  
  68  5:46  Medivac x2  
  75  5:56  Marine  
  73  5:59  Siege Tank  
  73  6:00  Marine x2  
  78  6:10  Engineering Bay  
  76  6:11  Engineering Bay  
  76  6:28  Marine x2  
  78  6:37  Medivac x2, Marine x5  
  87  6:53  Marine x2  
  89  6:55  Marine x3  
  92  7:05  Terran Infantry Armor Level 1  
  92  7:06  Combat Shields  
  92  7:08  Terran Infantry Weapons Level 1  
  92  7:09  Command Center  
  92  7:10  Marine x2  
  94  7:17  Supply Depot  
  94  7:18  Supply Depot  
  94  7:20  Supply Depot  
  94  7:21  Supply Depot  
  94  7:39  Medivac x2, Marine  
  89  8:09  Marine x5  
  89  8:10  Marine x2  
  89  8:11  Medivac x2  
  100  8:13  Siege Tank  
  103  8:23  Barracks  
  103  8:26  SCV x2  
  103  8:27  Orbital Command, Barracks, Marine  
  105  8:29  Barracks  
  106  8:38  SCV x2  
  106  8:41  Medivac  
  110  8:45  Hellion  
  112  8:52  Marine x7  
  112  8:53  Medivac  
  121  9:09  Marine x2  
  121  9:10  Marine x3  
  121  9:11  Medivac  
  121  9:15  Orbital Command  
  128  9:22  SCV x2  
  128  9:23  Medivac, Marine x5  
  137  9:27  Marine x3  
  137  9:28  Marine x2  
  142  9:34  SCV x2  
  144  9:40  Marine  
  144  9:41  Medivac  
  144  9:45  Marine x7  
  150  9:46  SCV x2, Marine  
  157  10:02  Armory  
  157  10:19  Supply Depot x2  
  157  10:20  Supply Depot  
  157  10:21  Supply Depot  
  157  10:40  SCV x3, Marine x10  
  170  10:53  SCV  
  161  10:58  Marine x3  
Show
View Real Time Build Order
Export as new Build Order

StranaOz Zerg 

Build Orders: Hatch First 

Get SALT Encoding   

  12  0:01  Drone  
  13  0:11  Drone  
  14  0:22  Overlord  
  14  0:44  Drone  
  14  0:45  Hatchery  
  14  0:59  Drone x3  
  17  1:13  Spawning Pool  
  17  1:17  Drone  
  17  1:26  Drone  
  17  1:29  Extractor  
  17  1:33  Drone  
  18  1:44  Drone  
  19  1:53  Drone  
  20  2:00  Queen  
  22  2:01  Zergling x2  
  22  2:05  Queen, Zergling x2  
  26  2:15  Roach Warren  
  25  2:17  Zergling x4  
  27  2:27  Drone  
  28  2:30  Overlord  
  28  2:33  Overlord  
  28  3:08  Lair  
  28  3:11  Hatchery  
  27  3:14  Drone x3  
  27  3:16  Drone  
  31  3:27  Queen  
  33  3:42  Drone x3  
  33  3:43  Drone x2  
  33  3:47  Drone  
  33  3:48  Drone x2  
  41  3:53  Overlord  
  41  4:09  Roach  
  43  4:12  Overlord x3  
  43  4:13  Overlord  
  43  4:18  Extractor  
  43  4:20  Roach x2  
  46  4:38  Roach x6  
  58  4:58  Roach x4  
  58  4:59  Roach x3  
  72  5:16  Spore Crawler  
  70  5:45  Ravager x2  
  70  5:46  Ravager  
  73  5:53  Spore Crawler  
  72  6:00  Roach x3  
  72  6:01  Roach, Zergling x6  
  72  6:02  Zergling x4  
  83  6:28  Roach  
  83  6:29  Drone x5  
  83  6:32  Overlord x2  
  90  6:33  Overlord x4  
  90  6:41  Hatchery  
  90  6:46  Evolution Chamber  
  88  6:47  Evolution Chamber  
  88  6:48  Overseer  
  87  7:00  Queen  
  89  7:02  Nydus Network  
  89  7:03  Drone x3  
  91  7:10  Drone x2  
  91  7:11  Drone  
  91  7:38  Spire  
  70  8:12  Drone x3  
  73  8:13  Drone x6  
  73  8:14  Drone x5  
  84  8:27  Zerg Ground Armor Level 1  
  84  8:37  Extractor x2  
  82  8:41  Spore Crawler  
  82  8:43  Drone x4  
  82  8:44  Drone x3  
  88  8:48  Zerg Melee Weapons Level 1  
  88  9:08  Drone x5  
  88  9:09  Drone x5  
  98  9:20  Extractor  
  98  9:21  Extractor  
  98  9:23  Spore Crawler  
  98  9:24  Spore Crawler  
  94  9:25  Spine Crawler  
  93  9:33  Mutalisk x4  
  93  9:34  Mutalisk  
  103  9:40  Zerg Flyer Armor Level 1  
  103  9:54  Roach x4  
  111  10:23  Hydralisk Den  
  110  10:40  Roach x2  
  110  10:41  Roach x6  
  110  10:42  Roach x5  
  136  10:44  Roach  
  136  10:45  Roach x3  
  107  10:59  Zergling x10  
  107  11:00  Zergling x12  
  107  11:01  Zergling x8  
Tags
 
Add a new tag
Caveats
  • Supply blocks, unpowered buildings, or Contaminate may cause inaccurate times.
  • Supply counts are checked every 10 seconds.